 Dungeon Crawl Stone Soup version 0.29-a0-830-gcb1280458a (webtiles) character file.

Game seed: 309870903922963673

0 PriceMaster the Charlatan (level 1, 0/9 HPs)
             Began as a Spriggan Artificer on July 12, 2022.
             Slain by a hobgoblin (3 damage)
             ... on level 1 of the Dungeon.
             The game lasted 00:00:34 (36 turns).

PriceMaster the Charlatan (Spriggan Artificer)        Turns: 36, Time: 00:00:35

Health: 0/9        AC:  2    Str:  8    XL:     1   Next: 8%
Magic:  2/2        EV: 17    Int: 12    God:
Gold:   0          SH:  0    Dex: 15    Spells: 0/0 levels left

rFire   . . .      SeeInvis +   a - +0 club
rCold   . . .      Faith    .   (no shield)
rNeg    . . .      Spirit   .   b - +0 robe
rPois   .          Reflect  .   (helmet restricted)
rElec   .          Harm     .   (no cloak)
rCorr   .          Rampage  .   (gloves unavailable)
Will    .....                   (boots unavailable)
Stlth   ++........              (no amulet)
HPRegen 0.03/turn               (no ring)
MPRegen 0.08/turn               (no ring)

@: very quick
A: very small, no large weapons, unfitting armour, see invisible, speed 3
a: no special abilities


You were on level 1 of the Dungeon.
You visited 1 branch of the dungeon, and saw 1 of its levels.

Inventory:

Hand Weapons
 a - a +0 club (weapon)
Armour
 b - a +0 robe (worn)
Jewellery
 f - a ring of magical power
Wands
 c - a wand of flame (15) (quivered)
 d - a wand of charming (15)
 e - a wand of iceblast (9)


   Skills:
 + Level 0.8 Fighting
 + Level 3.2 Dodging
 + Level 1.5 Stealth
 + Level 4.0 Evocations


You couldn't memorise any spells.
You didn't know any spells.
Your spell library was empty.

Dungeon Overview and Level Annotations

Branches:
Dungeon (1/15)

Altars:


Innate Abilities, Weirdness & Mutations

You are very small and have problems with some larger weapons.
You are too small for most types of armour.
You have supernaturally acute eyesight. (SInv)
You cover ground extremely quickly. (Speed+++)


Message History

Hit: a) +0 club
Press: ? - help, Dir - move target, f - rat
Aim: a rat (about 41% to evade your +0 club)
Your weapon can't reach that far!
Okay, then.
You hit the rat.
You kill the rat!
A hobgoblin comes into view.
Found 6 stones.
A hobgoblin is nearby!
A hobgoblin is nearby!
The hobgoblin shouts!
The hobgoblin misses you.
You hit the hobgoblin.
The hobgoblin is moderately wounded.
The hobgoblin misses you.
You closely miss the hobgoblin.
The hobgoblin is moderately wounded.
The hobgoblin hits you but does no damage.
The hobgoblin barely misses you.
You barely miss the hobgoblin.
The hobgoblin is moderately wounded.
The hobgoblin closely misses you.
You hit the hobgoblin but do no damage.
The hobgoblin is moderately wounded.
The hobgoblin barely misses you.
You closely miss the hobgoblin. The hobgoblin hits you. x2
Hit: a) +0 club
Press: ? - help, Dir - move target, f - hobgoblin
Aim: a hobgoblin (about 41% to evade your +0 club)
You hit the hobgoblin.
The hobgoblin is moderately wounded.
The hobgoblin completely misses you.
Hit: a) +0 club
Press: ? - help, Dir - move target, f/p - hobgoblin
Aim: a hobgoblin (moderately wounded, about 41% to evade your +0 club)
You hit the hobgoblin.
The hobgoblin is heavily wounded.
The hobgoblin hits you.
You die...

.........# #..#
........###..# .
.............#
.. ####........#
#. #........# ..
#..####..# #.
#..# #..#
#..####..# #..#
#...@....# #..#
#..g.....# #..#
#..............#
#..###........
#.. #........
#.. #..#####. #.
#.(# #. ...#


You could see a hobgoblin.

Vanquished Creatures
  A rat (D:1)
1 creature vanquished.

Notes
Turn   | Place    | Note
-------+----------+-------------------------------------------
     0 | D:1      | PriceMaster the Spriggan Artificer began the quest for the
                  | Orb.
     0 | D:1      | Reached XP level 1. HP: 9/9 MP: 2/2
    36 | D:1      | Slain by a hobgoblin

Illustrated notes

Levels and vault maps discovered:
D:1:      dpeg_arrival_boxorama, layout_basic, minivault_23

Action                   || total
-------------------------++-------
Melee: Club              ||     8
Armor: Robe              ||     1
Dodge: Dodged            ||     6

Table legend: (Time is in decaauts)
 A = Elapsed time spent in this place.
 B = Non-inter-level travel time spent in this place.
 C = Inter-level travel time spent in this place.
 D = Time resting spent in this place.
 E = Time spent auto-exploring this place.
 F = Levels seen in this place.
 G = Mean time per level.
                   A        B        C        D        E       F      G
               +--------+--------+--------+--------+--------+-----+--------+
         Total |     26 |     26 |      0 |      0 |      9 |   1 |   26.0 |
       Dungeon |     26 |     26 |      0 |      0 |      9 |   1 |   26.0 |
               +--------+--------+--------+--------+--------+-----+--------+

Top non-repeatable levels by time:
     D:1: 26 daAuts
